 Dungeon Crawl Stone Soup version 0.30-a0-358-g0d69a1922f (webtiles) character file.

Game seed: 4063953283981328609

149 koil the Sneak (level 5, -3/37 HPs)
             Began as a Vampire Enchanter on Nov 10, 2022.
             Killed from afar by an orc wizard (4 damage)
             ... with a puff of flame
             ... on level 5 of the Dungeon.
             The game lasted 00:07:32 (2730 turns).

koil the Sneak (Vampire Enchanter)                  Turns: 2730, Time: 00:07:33

Health: -3/37      AC:  2    Str:  7    XL:     5   Next: 9%
Magic:  13/18      EV: 13    Int: 20    God:
Gold:   160        SH:  0    Dex: 14    Spells: 4/9 levels left

rFire   + . .      SeeInvis +    a - +1 dagger
rCold   . . .      Faith    .    (no shield)
rNeg    . . .      Spirit   .    b - +0 robe
rPois   .          Reflect  .    (no helmet)
rElec   .          Harm     .    (no cloak)
rCorr   .          Rampage  .    (no gloves)
Will    .....                    (no boots)
Stlth   +++.......               l - amulet of magic regeneration
HPRegen 0.46/turn                h - ring of magical power
MPRegen 0.56/turn                k - ring of protection from fire

@: confusing by touch, healing quickly
A: alive, fangs 3, see invisible, vampiric 2
a: Exsanguinate


You were on level 5 of the Dungeon.
You visited 1 branch of the dungeon, and saw 5 of its levels.

You collected 160 gold pieces.

Inventory:

Hand Weapons
 a - a +1 dagger (weapon)
 j - a +0 dagger of draining
Armour
 b - a +0 robe (worn)
Magical Staves
 w - a staff of earth
Jewellery
 h - a ring of magical power (left hand)
 k - a ring of protection from fire (right hand)
 l - an amulet of magic regeneration (around neck)
 r - a ring of protection from cold
 C - an amulet of faith
Scrolls
 e - 7 scrolls of identify {unknown}
 f - 2 scrolls of enchant armour {unknown}
 g - a scroll of brand weapon {unknown}
 i - a scroll of teleportation {unknown}
 m - 2 scrolls of noise {unknown}
 o - a scroll of magic mapping {unknown}
 q - a scroll of vulnerability {unknown}
 s - a scroll of silence {unknown}
 u - a scroll of amnesia {unknown}
 x - a scroll of summoning {unknown}
 y - 2 scrolls of immolation {unknown}
Potions
 c - 2 potions of invisibility
 d - a potion of attraction {unknown}
 n - 3 potions of curing {unknown}
 p - a potion of lignification {unknown}
 t - a potion of brilliance {unknown}
 v - a potion of might {unknown}
 z - 3 potions of degeneration {unknown}
 A - 2 potions of mutation {unknown}
 B - 3 potions of haste {unknown}
 D - a potion of heal wounds {unknown}


   Skills:
 + Level 1.5 Fighting
 + Level 2.3 Short Blades
 + Level 3.0 Dodging
 + Level 5.4 Stealth
 + Level 2.7 Spellcasting
 + Level 5.2 Hexes


You had 4 spell levels left.
You knew the following spells:

 Your Spells              Type           Power      Damage    Failure   Level
a - Ensorcelled Hibernat  Hex/Ice        26%        N/A       8%          2
b - Confusing Touch       Hex            23%        N/A       4%          3

Your spell library contained the following spells:

 Spells                   Type           Power      Damage    Failure   Level
 Tukima's Dance           Hex            23%        N/A       4%          3
 Summon Small Mammal      Summ           8%         N/A       14%         1
 Dazzling Flash           Conj/Hex       26%        N/A       16%         3
 Inner Flame              Hex/Fire       13%        N/A       16%         3
 Summon Guardian Golem    Hex/Summ       13%        N/A       16%         3
 Call Canine Familiar     Summ           2%         N/A       41%         3
 Flame Wave               Conj/Fire      2%         2d4       82%         4
 Sticky Flame             Conj/Fire      2%         2d3       82%         4


Dungeon Overview and Level Annotations

Branches:
Dungeon (5/15)             Temple (0/1) D:4

Altars:
Nemelex Xobeh


Innate Abilities, Weirdness & Mutations

Your natural rate of healing is accelerated.
You have razor-sharp teeth.
You have supernaturally acute eyesight. (SInv)
You are afflicted with vampirism and can become a bat while bloodless.


Message History

Aiming: Ensorcelled Hibernation (safe; 8% risk of failure)
Press: ? - help, Shift-Dir - straight line, f/p - orc wizard
Aim: an orc wizard, wielding a +0 dagger and wearing a +0 robe (chance to affect: 47%)
The orc wizard resists with some effort.
The orc completely misses you. The orc hits you with a +0 short sword.
The orc wizard hits you with a +0 dagger.
Casting: Ensorcelled Hibernation (safe; 8% risk of failure)
Confirm with . or Enter, or press ? or * to list all spells.
Aiming: Ensorcelled Hibernation (safe; 8% risk of failure)
Press: ? - help, Shift-Dir - straight line, f/p - orc wizard
Aim: an orc wizard, wielding a +0 dagger and wearing a +0 robe (chance to affect: 47%)
The orc wizard resists with some effort.
The orc closely misses you. The orc hits you with a +0 short sword.
The orc wizard hits you but does no damage.
Casting: Ensorcelled Hibernation (safe; 8% risk of failure)
Confirm with . or Enter, or press ? or * to list all spells.
Your hands begin to glow red.
The orc barely misses you. The orc hits you with a +0 short sword.
The orc wizard barely misses you.
You barely miss the orc wizard. The orc hits you with a +0 whip.
The orc wizard hits you with a +0 dagger.
The orc hits you with a +0 short sword.
You hit the orc wizard but do no damage.
Your bite misses the orc wizard. The orc hits you with a +0 whip.
The orc hits you with a +0 short sword. The orc wizard barely misses you.
You hit the orc wizard but do no damage.
You bite the orc wizard.
The orc wizard is lightly wounded.
The orc barely misses you.
The orc wizard hits you but does no damage.
The orc barely misses you. The orc attacks as you move away!
The orc hits you with a +0 short sword.
* * * LOW HITPOINT WARNING * * *
The orc hits you with a +0 whip.
* * * LOW HITPOINT WARNING * * *
There is a stone staircase leading up here.
The orc hits you with a +0 whip.
* * * LOW HITPOINT WARNING * * *
The orc wizard casts a spell at you. The puff of flame hits you. You resist.
You die...

## ##.##
#....#
#.....##
#......##
.#..(..o.##
.......o@.#
##.....o...#
##........#
#.........#
###.......#
###......#
##..>###
###..


You could see an orc wizard and 2 orcs.

Vanquished Creatures
  A scorpion (D:4)
  An adder (D:3)
  A worm (D:3)
  4 dart slugs
  5 orcs
  7 endoplasms
  2 giant cockroaches
  8 hobgoblins
  2 jackals (D:4)
  A quokka (D:1)
  3 ball pythons (D:2)
  8 bats
  4 frilled lizards
  7 goblins
  3 kobolds
  8 rats
  3 plants (D:2)
68 creatures vanquished.

Notes
Turn   | Place    | Note
-------+----------+-------------------------------------------
     0 | D:1      | koil the Vampire Enchanter began the quest for the Orb.
     0 | D:1      | Reached XP level 1. HP: 13/13 MP: 3/3
   432 | D:1      | Reached XP level 2. HP: 8/20 MP: 5/5
   446 | D:1      | Learned a level 2 spell: Ensorcelled Hibernation
   901 | D:2      | Gained mutation: You are afflicted with vampirism and can
                  | become a bat while bloodless. [Vampire growth]
   901 | D:2      | Reached XP level 3. HP: 20/25 MP: 6/6
   913 | D:2      | Learned a level 3 spell: Confusing Touch
  1142 | D:2      | HP: 5/25 [hobgoblin/sling bullet (8)]
  1160 | D:2      | HP: 5/25 [hobgoblin/sling bullet (6)]
  1307 | D:2      | Found a faded altar of an unknown god.
  1364 | D:2      | Reached skill level 5 in Stealth
  1596 | D:3      | Reached skill level 1 in Fighting
  1625 | D:3      | Reached skill level 5 in Hexes
  1711 | D:3      | Reached XP level 4. HP: 32/32 MP: 7/7
  2053 | D:4      | Found a sparkling altar of Nemelex Xobeh.
  2090 | D:4      | Found a staircase to the Ecumenical Temple.
  2205 | D:4      | Noticed a scorpion
  2211 | D:4      | Killed a scorpion
  2212 | D:4      | Reached XP level 5. HP: 37/37 MP: 9/9
  2702 | D:5      | Entered Level 5 of the Dungeon
  2729 | D:5      | HP: 5/37 [orc/+0 whip (5)]
  2730 | D:5      | HP: 1/37 [orc/+0 whip (4)]
  2730 | D:5      | Killed from afar by an orc wizard

Illustrated notes

Levels and vault maps discovered:
D:1:      saegor_arrival_simple_e, layout_basic, minmay_strange_pillars,
          minmay_door_square, chequers_jeans, minmay_tetromino_o2
D:2:      layout_basic, dreamdust_ecumenical_altar_angels_and_demons,
          minmay_misc_feat_encased, serial_bayou_ford_a
D:3:      layout_rooms
D:4:      layout_gridville, old_standard_altar, minmay_temple_entry_trees
D:5:      layout_cave_pods

Skill      XL: |  1  2  3  4 |
---------------+-------------+-----
Stealth        | 5 |  5.4
Fighting       | 1 |  1.5
Short Blades   | 2 |  2.3
Hexes          | 5 |  5.2
Dodging        | 3 |  3.0
Spellcasting   | |  2.7

Action                   |  1- 3 |  4- 6 || total
-------------------------+-------+-------++-------
Melee: Dagger            |   123 |    35 ||   158
       Bite              |    11 |     1 ||    12
       Punch             |     1 |       ||     1
 Cast: Ensorcelled Hiber |    12 |     5 ||    17
       Confusing Touch   |       |     1 ||     1
 Stab: Sleeping          |    21 |    10 ||    31
Armor: Robe              |    18 |     3 ||    21
Dodge: Dodged            |    67 |    25 ||    92

Table legend: (Time is in decaauts)
 A = Elapsed time spent in this place.
 B = Non-inter-level travel time spent in this place.
 C = Inter-level travel time spent in this place.
 D = Time resting spent in this place.
 E = Time spent auto-exploring this place.
 F = Levels seen in this place.
 G = Mean time per level.
                   A        B        C        D        E       F      G
               +--------+--------+--------+--------+--------+-----+--------+
         Total |   2718 |   2644 |     74 |     40 |   2076 |   5 |  543.6 |
       Dungeon |   2718 |   2644 |     74 |     40 |   2076 |   5 |  543.6 |
               +--------+--------+--------+--------+--------+-----+--------+

Top non-repeatable levels by time:
     D:1: 797 daAuts
     D:4: 742 daAuts
     D:2: 690 daAuts
     D:3: 472 daAuts
     D:5: 16 daAuts
